Map: Dusk Towers

Players

niceq - Winner!

  • Race: Terran Terran
  • League: Master

Miszu

  • Race: Terran Terran
  • League: Master

VOD

Have the link to the VOD?

Description

Time

  • Played on: May 2, 2016, 5:17 p.m.
  • Length: 13:24
Show
View Real Time Build Order
Export as new Build Order

niceq Terran - Winner!

Build Orders:  

Get SALT Encoding   

  12  0:00  SCV  
  13  0:13  SCV  
  14  0:20  Supply Depot  
  14  0:25  SCV  
  15  0:42  SCV  
  16  0:45  Barracks  
  16  0:52  Refinery  
  16  0:54  SCV  
  17  1:06  SCV  
  18  1:18  SCV  
  19  1:31  SCV  
  20  1:38  Marine  
  21  1:43  Orbital Command  
  21  1:49  Command Center  
  21  1:56  Factory  
  21  1:59  Marine  
  23  2:18  Marine  
  23  2:22  Supply Depot  
  22  2:27  SCV  
  23  2:41  Refinery  
  23  2:43  Marine  
  23  2:44  Hellion, SCV  
  26  2:50  Starport  
  27  2:57  SCV  
  28  3:01  Orbital Command  
  28  3:04  Widow Mine  
  30  3:10  Barracks Reactor  
  31  3:20  SCV  
  31  3:31  Medivac  
  31  3:32  SCV  
  34  3:36  Widow Mine  
  34  3:38  SCV  
  37  3:43  Engineering Bay  
  37  3:44  SCV  
  38  3:50  SCV  
  38  3:51  Supply Depot, Marine x2  
  41  3:56  SCV  
  41  4:02  Starport Tech Lab, SCV  
  42  4:10  Marine  
  42  4:11  Marine  
  42  4:13  Widow Mine  
  42  4:17  SCV x2  
  44  4:29  SCV  
  42  4:37  Banshee  
  34  4:54  Marine  
  34  4:55  SCV  
  34  4:57  SCV  
  37  5:04  Cloaking Field  
  32  5:08  Missile Turret  
  32  5:09  Factory Tech Lab  
  32  5:11  SCV  
  33  5:14  Missile Turret  
  33  5:15  Marine x2  
  33  5:17  SCV  
  36  5:25  SCV  
  37  5:30  SCV  
  37  5:37  SCV  
  37  5:42  Marine x2  
  40  5:43  Siege Tank  
  42  5:58  SCV  
  42  5:59  Marine, SCV  
  45  6:05  Marine  
  46  6:12  Command Center  
  46  6:13  SCV  
  46  6:15  Barracks  
  46  6:17  SCV  
  48  6:25  SCV  
  49  6:26  Marine x2  
  49  6:29  SCV  
  50  6:37  SCV  
  49  6:44  Marine  
  45  6:47  Marine  
  43  6:58  SCV  
  44  7:02  Barracks Tech Lab  
  44  7:03  SCV  
  43  7:18  Marine  
  43  7:20  SCV  
  43  7:22  SCV  
  44  7:30  Marine  
  44  7:31  Marine, Orbital Command  
  44  7:32  SCV  
  44  7:34  Stimpack  
  47  7:46  SCV x2  
  47  7:48  Barracks  
  47  7:50  Marine  
  50  7:52  Marine  
  50  7:57  SCV  
  50  7:58  Siege Tank  
  55  8:01  SCV  
  55  8:03  Terran Infantry Weapons Level 1  
  55  8:04  Marine  
  57  8:09  Marine  
  57  8:10  Medivac  
  61  8:13  Orbital Command  
  58  8:20  SCV x2  
  55  8:29  Marine  
  55  8:32  Marine  
  53  8:35  SCV  
  53  8:36  Marine  
  53  8:41  Combat Shields  
  53  8:42  Marine  
  53  8:43  SCV  
  53  8:45  Starport Reactor, Siege Tank  
  53  8:47  Marine  
  53  8:48  SCV x2  
  59  8:53  Marine  
  59  8:54  Marine  
  59  8:55  SCV  
  62  8:59  Marine  
  62  9:00  SCV x2  
  65  9:05  Marine  
  65  9:07  SCV  
  65  9:09  Barracks  
  67  9:10  Barracks  
  67  9:12  SCV  
  67  9:13  Supply Depot  
  67  9:14  SCV  
  67  9:16  Refinery  
  69  9:30  Supply Depot  
  69  9:31  Supply Depot  
  69  9:33  Refinery  
  69  9:34  Marine  
  69  9:35  Siege Tank, SCV x3  
  69  9:36  Supply Depot  
  76  9:39  Missile Turret  
  76  9:41  Marine  
  76  9:42  Missile Turret  
  77  9:51  Marine x2, SCV  
  77  9:52  SCV x2  
  80  9:57  Marine  
  80  9:58  Medivac x2  
  83  10:09  SCV  
  83  10:11  Marine  
  85  10:14  Marine  
  85  10:17  Marine x2, Siege Tank  
  85  10:20  SCV  
  92  10:25  SCV x2  
  92  10:27  Marine x2  
  96  10:34  Marine x2  
  98  10:35  SCV  
  98  10:39  Missile Turret  
  99  10:43  Marine  
  99  10:44  Supply Depot x2  
  100  11:01  Barracks Reactor x2  
  100  11:02  Marine  
  101  11:05  Terran Infantry Armor Level 1  
  101  11:06  Supply Depot, Marine x2, Medivac  
  101  11:07  Supply Depot  
  105  11:18  Marine  
  105  11:24  Marine x3  
  105  11:25  Siege Tank  
  112  11:29  Armory  
  112  11:32  Engineering Bay  
  112  11:36  Marine x3  
  115  11:42  Marine x2  
  117  11:51  Marine x3  
  117  11:52  Medivac x2  
  123  11:54  Marine x2  
  123  12:02  Marine  
  123  12:06  Supply Depot  
  118  12:09  Supply Depot  
  118  12:10  Missile Turret  
  118  12:16  Marine  
  118  12:17  Marine x4  
  118  12:18  Siege Tank  
  118  12:19  Refinery  
  118  12:22  Refinery  
  126  12:31  Marine x2  
  126  12:33  Marine  
  126  12:34  Marine x2  
  126  12:36  Medivac x2  
  135  12:43  Marine  
  135  12:44  Marine x2  
  137  12:48  SCV x2  
  137  12:49  Marine  
  141  12:52  Marine  
  141  12:57  Marine x2  
  141  12:58  Marine  
  145  13:04  Marine  
  145  13:05  Marine x2  
  148  13:09  Supply Depot  
  148  13:11  Supply Depot  
Show
View Real Time Build Order
Export as new Build Order

Miszu Terran 

Build Orders: 1/1/1, Banshee Rush 

Get SALT Encoding   

  12  0:00  SCV  
  13  0:13  SCV  
  14  0:18  Supply Depot  
  14  0:23  Refinery  
  14  0:28  SCV  
  15  0:40  SCV  
  16  0:47  Barracks  
  16  0:55  SCV  
  17  1:04  Refinery  
  17  1:07  SCV  
  18  1:19  SCV  
  19  1:31  SCV  
  20  1:34  Factory  
  20  1:36  Reaper  
  21  1:43  Orbital Command  
  21  1:48  Supply Depot  
  21  2:10  SCV  
  23  2:16  Reaper  
  23  2:19  Hellion  
  23  2:22  SCV  
  26  2:23  Starport  
  26  2:30  Supply Depot  
  26  2:34  SCV  
  27  2:41  Hellion  
  29  2:46  SCV  
  29  2:48  Reaper  
  31  2:59  Medivac  
  33  3:06  Hellion  
  35  3:17  SCV  
  36  3:21  Barracks  
  36  3:23  Command Center  
  36  3:25  Barracks Tech Lab  
  36  3:29  Supply Depot  
  36  3:33  SCV  
  37  3:40  Factory Tech Lab  
  37  3:45  SCV  
  37  3:48  Cloaking Field  
  38  3:51  Barracks Reactor  
  38  3:52  Banshee  
  41  4:03  SCV  
  42  4:16  SCV  
  43  4:18  Siege Tank  
  46  4:27  Marine  
  46  4:28  Marine  
  43  4:48  SCV  
  25  4:53  Marine  
  25  4:54  Reaper  
  25  4:55  SCV  
  28  5:00  SCV  
  28  5:01  Banshee  
  32  5:09  Orbital Command  
  32  5:13  SCV  
  33  5:25  SCV  
  34  5:29  Barracks  
  34  5:30  Barracks  
  33  5:37  SCV  
  33  5:41  Marine x2  
  36  5:43  SCV  
  37  5:51  Starport Reactor, SCV  
  38  5:58  SCV  
  38  5:59  Marine  
  38  6:03  SCV  
  40  6:10  SCV  
  40  6:11  Engineering Bay  
  39  6:16  SCV  
  39  6:24  SCV  
  40  6:28  SCV  
  39  6:37  SCV  
  39  6:39  Missile Turret  
  40  6:44  Missile Turret  
  40  6:46  SCV  
  39  6:49  SCV  
  40  6:58  SCV  
  41  7:01  SCV  
  42  7:10  SCV  
  42  7:13  Cyclone, SCV  
  47  7:22  SCV  
  48  7:25  SCV  
  46  7:31  Refinery  
  46  7:34  Barracks Tech Lab, SCV  
  46  7:35  Refinery  
  47  7:38  Barracks Tech Lab, SCV  
  48  7:46  SCV  
  48  7:50  Starport Reactor, SCV  
  50  7:53  Stimpack  
  50  7:58  SCV  
  50  8:02  SCV  
  52  8:09  Command Center  
  52  8:10  SCV  
  52  8:11  Marine x2  
  55  8:14  SCV  
  55  8:17  Marine x2  
  55  8:18  Combat Shields  
  58  8:23  SCV  
  56  8:30  SCV  
  57  8:36  SCV  
  53  8:41  Marine  
  53  8:42  Marine x2  
  53  8:43  SCV  
  53  8:48  Marine  
  58  8:49  Medivac, SCV  
  58  8:55  SCV  
  62  9:07  Supply Depot  
  62  9:09  Supply Depot  
  62  9:11  Supply Depot  
  62  9:12  Terran Infantry Weapons Level 1  
  62  9:21  Siege Tank, SCV  
  62  9:22  Barracks, Orbital Command  
  66  9:24  Barracks  
  66  9:27  Marine x4  
  70  9:33  Medivac  
  70  9:37  SCV x2  
  74  9:43  Supply Depot  
  74  9:45  Marine x3  
  77  9:49  Marine  
  77  10:02  Marine  
  77  10:03  Marine x2  
  80  10:07  Marine  
  80  10:09  Marine  
  82  10:14  Marine  
  82  10:20  Supply Depot, Marine x2  
  82  10:21  Marine  
  78  10:25  Marine  
  78  10:27  Marine  
  78  10:31  Supply Depot x2, Orbital Command  
  78  10:32  Marine, Siege Tank  
  82  10:38  Marine x3  
  85  10:43  Engineering Bay, Marine  
  85  10:45  Marine, SCV, Armory  
  85  10:46  SCV  
  89  10:56  Marine x3  
  94  10:57  SCV  
  94  10:58  SCV x2  
  94  11:00  Marine  
  94  11:04  Barracks Reactor x2  
  96  11:06  Siege Tank  
  96  11:09  SCV  
  96  11:10  SCV x2  
  102  11:12  Supply Depot  
  102  11:14  Marine  
  102  11:16  Marine x2  
  105  11:18  Marine  
  105  11:21  SCV  
  107  11:27  Sensor Tower  
  107  11:31  Marine, SCV  
  109  11:34  Marine x2  
  109  11:35  SCV  
  109  11:38  Sensor Tower, Siege Tank  
  109  11:39  SCV  
  116  11:43  Marine x2  
  116  11:44  Marine x2  
  117  11:53  Marine  
  117  11:59  Marine  
  117  12:15  Marine  
  117  12:16  Factory  
  117  12:23  Missile Turret x2  
  117  12:32  Supply Depot x2  
  117  12:33  Supply Depot  
  117  12:42  Supply Depot x2  
  117  12:43  Factory  
  117  12:54  Marine, Medivac x2  
  125  13:00  Factory Tech Lab, SCV  
  125  13:01  SCV x2  
  125  13:02  Refinery  
  125  13:03  Marine x3, Refinery  
  125  13:04  Marine x4  
Tags
 
Matchup
TvT
Opening
1/1/1
Race
Terran
Strategy
Banshee Rush
Add a new tag
Caveats
  • Supply blocks, unpowered buildings, or Contaminate may cause inaccurate times.
  • Supply counts are checked every 10 seconds.